 Dungeon Crawl Stone Soup version 0.25-a0-246-g58704a1ebd (webtiles) character file.

Game seed: 10210690428192968835, levelgen mode: deterministic

80 Jerej03 the Purveyor of Pain (level 4, -13/30 HPs)
             Began as a Vampire Necromancer on Dec 3, 2019.
             Was an Initiate of Kikubaaqudgha.
             Mangled by a two-headed ogre
             ... wielding a +0 dire flail
              (21 damage)
             ... on level 3 of the Dungeon.
             The game lasted 00:26:13 (1921 turns).

Jerej03 the Purveyor of Pain (Vampire Necromancer)  Turns: 1921, Time: 00:26:17

Health: -13/30     AC:  7    Str:  8    XL:     4   Next: 18%
Magic:  4/7        EV: 11    Int: 17    God:    Kikubaaqudgha [......]
Gold:   116        SH:  0    Dex: 14    Spells: 3/8 levels left

rFire    + . .     SeeInvis +   p - +0 hand axe (flame)
rCold    . . .     Gourm    .   (no shield)
rNeg     . . .     Faith    .   h - +0 ring mail
rPois    .         Spirit   .   (no helmet)
rElec    .         Reflect  .   (no cloak)
rCorr    .         Harm     .   c - +1 pair of gloves
MR       .....                  (no boots)
Stlth    ++........             (no amulet)
HPRegen  0.30/turn              a - ring of protection from fire
MPRegen  0.10/turn              (no ring)

@: regenerating quickly
A: no food, fangs 3, see invisible, unbreathing
a: Exsanguinate, Renounce Religion


You were on level 3 of the Dungeon.
You worshipped Kikubaaqudgha.
Kikubaaqudgha was noncommittal.
You were alive.

You visited 1 branch of the dungeon, and saw 3 of its levels.

You collected 116 gold pieces.

Inventory:

Hand Weapons
 f - a +0 dagger
 k - a +0 mace
 p - a +0 hand axe of flaming (weapon)
 q - a +0 dagger of speed
Armour
 c - a +1 pair of gloves (worn)
 h - a +0 ring mail (worn)
Jewellery
 a - a ring of protection from fire (left hand)
Scrolls
 d - 3 scrolls of fear
 e - a scroll of identify
 j - a scroll of remove curse
 l - a scroll of magic mapping
Potions
 b - a potion of degeneration {unknown}
Comestibles
 o - 6 rations


   Skills:
 + Level 0.9 Axes
 - Level 0.2 Armour
 + Level 2.7 Dodging
 + Level 4.1 Stealth
 + Level 2.5 Spellcasting
 + Level 5.0 Necromancy


You had 3 spell levels left.
You knew the following spells:

 Your Spells              Type           Power        Failure   Level  Hunger
a - Pain                  Necr           ###.         7%          1    N/A
b - Animate Skeleton      Necr           N/A          7%          1    N/A
c - Vampiric Draining     Necr           ###.......   22%         3    N/A

Your spell library contained the following spells:

 Spells                   Type           Power        Failure   Level  Hunger
 Regeneration             Chrm/Necr      ##........   52%         3    N/A
 Animate Dead             Necr           N/A          56%         4    N/A

Dungeon Overview and Level Annotations

Branches:
Dungeon (3/15)

Altars:
Kikubaaqudgha


Innate Abilities, Weirdness & Mutations

You do not eat.
Your natural rate of healing is unusually fast.
You have razor-sharp teeth.
You have supernaturally acute eyesight. (SInv)
You can survive without breathing.


Message History

The two-headed ogre writhes in agony.
You swap places.
Casting: Pain (safe; 7% risk of failure)
Confirm with . or Enter, or press ? or * to list all spells.
You can't see any susceptible monsters within range! (Use Z to cast anyway.) Unknown command.
You swap places.
Casting: Pain (safe; 7% risk of failure)
Confirm with . or Enter, or press ? or * to list all spells.
Aiming: Pain (safe; 7% risk of failure)
Press: ? - help, Shift-Dir - straight line, f/p - two-headed ogre
Aim: a two-headed ogre, wielding a +0 dire flail and a +0 giant spiked club (lightly wounded, chance to defeat MR: 63%)
The two-headed ogre writhes in agony.
The two-headed ogre hits you with a +0 dire flail!!
Ouch! That really hurt!
* * * LOW HITPOINT WARNING * * *
The two-headed ogre hits you with a +0 giant spiked club!!
Ouch! That really hurt!
You die...
Kikubaaqudgha rasps: "You have failed me!
Welcome... death!"

#
#...##########
.......O@Z...#
#...#.######.#
# # #.# #.#
#Z# ##.##
#...######
#...%....#
#...####.##


You could see a two-headed ogre and a friendly hobgoblin skeleton.

Vanquished Creatures
  An adder (D:2)
  An ooze (D:2)
  2 dart slugs
  3 leopard geckos
  A ball python (D:2)
  3 giant cockroaches
  3 goblins
  2 hobgoblins
  5 jackals
  7 kobolds
  5 bats
  2 frilled lizards
  7 rats
  2 withered plants (D:2)
44 creatures vanquished.

Vanquished Creatures (collateral kills)
  2 adders (D:2)
  A goblin (D:2)
  2 jackals (D:2)
  2 kobolds (D:2)
  2 rats (D:2)
9 creatures vanquished.

Grand Total: 53 creatures vanquished

Notes
Turn   | Place    | Note
-------+----------+-------------------------------------------
     0 | D:1      | Jerej03 the Vampire Necromancer began the quest for the
                  | Orb.
     0 | D:1      | Reached XP level 1. HP: 13/13 MP: 3/3
   380 | D:1      | Reached XP level 2. HP: 3/19 MP: 5/5
   383 | D:1      | Learned a level 1 spell: Animate Skeleton
  1029 | D:2      | Reached XP level 3. HP: 24/24 MP: 4/6
  1082 | D:2      | Found an ancient bone altar of Kikubaaqudgha.
  1100 | D:2      | Became a worshipper of Kikubaaqudgha
  1176 | D:2      | Reached skill level 5 in Necromancy
  1229 | D:2      | Learned a level 3 spell: Vampiric Draining
  1745 | D:3      | Reached XP level 4. HP: 30/30 MP: 7/7
  1914 | D:3      | Noticed a two-headed ogre
  1921 | D:3      | Mangled by a two-headed ogre

Levels and vault maps discovered:
D:1:      dpeg_arrival_radiant, layout_basic
D:2:      layout_rooms, kiku_gazebo_garden_becter, first_ration
D:3:      layout_loops_ring, gammafunk_temple_overflow_elements, uniq_ijyb

Skill      XL: |  1  2  3 |
---------------+----------+-----
Necromancy     | 5 |  5.0
Stealth        | 4 |  4.1
Axes           | |  0.9
Armour         | |  0.2
Dodging        | |  2.7
Spellcasting   | |  2.5

Action                   |  1- 3 |  4- 6 || total
-------------------------+-------+-------++-------
Melee: Unarmed           |     6 |       ||     6
       Mace              |    12 |       ||    12
       Bite              |    29 |     2 ||    31
       Hand axe          |   162 |    14 ||   176
 Cast: Pain              |    25 |     4 ||    29
       Animate Skeleton  |    17 |     2 ||    19
  Use: Scroll            |     6 |     2 ||     8
 Stab: Distracted        |     1 |       ||     1
Armor: Leather armour    |     1 |       ||     1
       Ring mail         |    65 |     7 ||    72
Dodge: Dodged            |    66 |    12 ||    78

Table legend:
 A = Non-vault XP
 B = Vault XP
 C = Vault XP percentage of total XP
 D = Non-vault monster count
 E = Vault monster count
 F = Vault count percentage of total count
                 A         B        C        D         E       F
            +---------+---------+-------+---------+---------+-------
      Total |     115 |       0 |   0.0 |      51 |       0 |   0.0
            +---------+---------+-------+---------+---------+-------
        D:1 |      21 |       0 |   0.0 |      12 |       0 |   0.0
        D:2 |      73 |       0 |   0.0 |      29 |       0 |   0.0
        D:3 |      21 |       0 |   0.0 |      10 |       0 |   0.0
            +---------+---------+-------+---------+---------+-------
